 Dungeon Crawl Stone Soup version 0.21-a0-440-g28109cb (webtiles) character file.

215117 theanonym the Brawler (level 19, 0/156 HPs)
             Began as a Ghoul Monk on Nov 10, 2017.
             Was the Champion of Hepliaklqana.
             Killed by a resonance strike
             ... invoked by a ragged hierophant
              (5 damage)
             ... in the Desolation of Salt.
             The game lasted 02:13:07 (33397 turns).

theanonym the Brawler (Ghoul Monk)                 Turns: 33397, Time: 02:13:07

Health: 0/156      AC: 22    Str: 23    XL:     19   Next: 1%
Magic:  19/24      EV:  9    Int:  3    God:    Hepliaklqana [******]
Gold:   1731       SH: 35    Dex: 16    Spells: 13/18 levels left

rFire    . . .     SeeInvis .     - Unarmed
rCold    + . .     Gourm    .   F - +18 shield of the Gong {rElec rN+ MR+ EV-5}
rNeg     + + +     Faith    .   W - +3 plate armour
rPois    ∞         Spirit   .   v - +0 helmet "Ompaoxt" {+Blink Regen+ Int-2 Dex+5}
rElec    +         Reflect  +   X - scarf {cloud immunity}
rCorr    .         Harm     .   (no gloves)
MR       +++..                  N - +0 pair of boots
Stlth    ..........             u - +3 amulet of reflection
HPRegen  0.00/turn              d - +4 ring of evasion
MPRegen  0.19/turn              z - ring of protection from magic {MR+}

@: very slightly contaminated, rotting, invisible
A: rotting body, reduced essence, claws 1, carnivore 3, cold resistance 1,
negative energy resistance 3, inhibited regeneration, torment resistance,
unbreathing
}: 1/15 runes: decaying
a: Recall Ancestor, Ancestor Identity, Transference, Idealise, Renounce
Religion, Evoke Blink


Innate Abilities, Weirdness & Mutations

Your body is rotting away.
You thrive on raw meat.
You are immune to poison.
You have sharp fingernails.
You are carnivorous and can eat meat at any time.
Your flesh is cold resistant. (rC+)
You are immune to negative energy. (rN+++)
You do not regenerate when monsters are visible.
You are immune to unholy pain and torment.
You can survive without breathing.
Your life essence is reduced to manifest your ancestor. (-10% HP)


   Skills:
 + Level 16.6 Fighting
 + Level 13.0 Armour
 + Level 5.6 Dodging
 - Level 2.1 Stealth
 + Level 13.8 Shields
 + Level 19.9 Unarmed Combat
 - Level 3.0 Invocations
 - Level 8.0 Evocations


You had 13 spell levels left.
You knew the following spells:

 Your Spells              Type           Power        Failure   Level  Hunger
r - Regeneration          Chrm/Necr      #.........   100%        3    ####...
s - Swiftness             Chrm/Air       #.......     100%        2    ###....

Skill      XL: |  1  2  3  4  5  6  7  8  9 10 11 12 13 14 15 16 17 18 |
---------------+-------------------------------------------------------+-----
Unarmed Combat | 4 5 6 7 8 11 12 14 15 16 17 18 19 | 19.9
Shields        | 1 2 3 4 5 6 8 9 10 11 12 13 | 13.8
Fighting       | 5 8 9 10 12 13 14 15 16 | 16.6
Invocations    | 3 |  3.0
Armour         | 3 6 8 9 10 11 12 13 | 13.0
Dodging        | 3 5 |  5.6
Evocations     | 8 |  8.0
Stealth        | |  2.1

Action                   |  1- 3 |  4- 6 |  7- 9 | 10-12 | 13-15 | 16-18 | 19-21 || total
-------------------------+-------+-------+-------+-------+-------+-------+-------++-------
Melee: Unarmed           |   105 |   166 |   349 |   619 |  1219 |  1516 |     1 ||  3975
       Punch             |     1 |       |       |       |       |       |       ||     1
Throw: Throwing net      |       |       |       |       |     1 |     2 |       ||     3
       Javelin           |       |       |       |       |     3 |     3 |       ||     6
       Tomahawk          |       |       |       |       |       |     4 |       ||     4
Invok: Ancestor Identity |       |     1 |     1 |       |       |       |       ||     2
       Ancestor Life: He |       |     1 |       |       |       |       |       ||     1
       Recall Ancestor   |       |       |     1 |     3 |     1 |     2 |       ||     7
       Transference      |       |       |       |     1 |       |     6 |       ||     7
       Idealise          |       |       |       |       |       |     1 |       ||     1
 Abil: Evoke Blink       |       |       |       |       |       |     3 |     6 ||     9
Evoke: Wand              |       |       |     1 |     9 |     6 |    18 |       ||    34
       Sack of spiders   |       |       |       |       |       |     1 |       ||     1
  Use: Potion            |       |     2 |       |       |     2 |    15 |     1 ||    20
       Scroll            |       |       |     7 |    13 |    12 |    21 |     1 ||    54
 Stab: Sleeping          |     1 |       |       |       |       |       |       ||     1
       Invisible         |       |       |     1 |       |       |     3 |       ||     4
       Confused          |       |       |     2 |     6 |    17 |     5 |       ||    30
       Distracted        |       |       |       |     5 |     7 |    15 |       ||    27
       Paralysed         |       |       |       |       |     7 |    50 |       ||    57
  Eat: Chunk             |    15 |     9 |    43 |    57 |   170 |   128 |       ||   422
       Royal jelly       |       |       |       |       |       |    10 |       ||    10
Armor: Robe              |     3 |       |       |       |       |       |       ||     3
       Chain mail        |    66 |    15 |       |       |       |       |       ||    81
       Plate armour      |       |    56 |   149 |   186 |   318 |   275 |     8 ||   992
Dodge: Dodged            |    31 |    15 |    32 |    65 |   166 |   158 |     2 ||   469
Block: Shield            |    25 |    57 |   168 |   306 |   949 |  1869 |    20 ||  3394
       Reflection        |       |       |       |     9 |    38 |   135 |     3 ||   185

Inventory:

Missiles
 w - a throwing net (quivered)
Armour
 g - a +0 pair of gloves
   (You found it on level 1 of the Elven Halls)
 i - a +0 shield
   (You found it on level 1 of the Dungeon)
 v - the +0 helmet "Ompaoxt" (worn) {+Blink Regen+ Int-2 Dex+5}
   (You bought it in a shop on level 10 of the Dungeon)

   It affects your intelligence (-2).
   It affects your dexterity (+5).
   It lets you blink.
   It increases your rate of regeneration.
 F - the +18 shield of the Gong (worn) {rElec rN+ MR+ EV-5}
   (You found it on level 14 of the Dungeon)

   It affects your evasion (-5).
   It insulates you from electricity.
   It protects you from negative energy.
   It affects your resistance to hostile enchantments.
 N - a +0 pair of boots (worn)
   (You found it on level 14 of the Dungeon)
 W - a +3 plate armour (worn)
   (You took it off an orc warrior on level 2 of the Orcish Mines)
 X - a scarf of cloud immunity (worn)
   (You bought it in a shop on level 2 of the Orcish Mines)
Jewellery
 c - an uncursed amulet of regeneration {+regen}
   (You took it off a spriggan on level 4 of the Swamp)
 d - a +4 ring of evasion (left claw)
   (You found it on level 1 of the Snake Pit)
 p - an uncursed ring of resist corrosion
   (You found it on level 2 of the Swamp)
 u - a +3 amulet of reflection (around neck)
   (You found it on level 7 of the Dungeon)
 z - a ring of protection from magic (right claw) {MR+}
   (You found it on level 8 of the Dungeon)
 O - the ring of Japlib {rN+ Str+3 Stlth+}
   (You took it off a vampire on level 15 of the Dungeon)

   [ring of positive energy]

   It affects your strength (+3).
   It protects you from negative energy.
   It makes you more stealthy.
 T - an uncursed ring of fire {rF+, rC-}
   (You found it on level 9 of the Dungeon)
Wands
 h - a wand of clouds (2/9)
   (You found it on level 4 of the Dungeon)
 y - a wand of digging (7/24)
   (You found it on level 4 of the Snake Pit)
 D - a wand of digging (23/24)
   (You found it on level 1 of the Lair of Beasts)
Scrolls
 f - 4 scrolls of fog {!r}
 j - 4 scrolls of enchant armour
 l - 17 scrolls of remove curse
 r - a scroll of identify
 x - 3 scrolls of immolation
 E - 2 scrolls of recharging
 J - a scroll of torment {!r}
 R - 3 scrolls of noise
Potions
 a - 5 potions of curing
 e - 2 potions of brilliance
 k - 5 potions of magic
 C - 2 potions of flight
 I - a potion of invisibility
 K - 4 potions of ambrosia
Books
 n - a Necronomicon
   (You found it on level 6 of the Lair of Beasts)

   Spells                             Type                      Level
   a - Haunt                          Necromancy/Summoning         7
   b - Borgnjor's Revivification      Necromancy                   8
   c - Death's Door                   Charms/Necromancy            8
   d - Infestation                    Necromancy                   8
   e - Necromutation                  Transmutation/Necromancy     8
 o - the Handbook of Creation
   (You found it on level 1 of the Elven Halls)

   Spells                             Type                      Level
   a - Call Imp                       Summoning                    2
   b - Summon Ice Beast               Ice/Summoning                4
   c - Aura of Abjuration             Summoning                    5
   d - Summon Demon                   Summoning                    5
 B - a book of Necromancy
   (You found it on level 11 of the Dungeon)

   Spells                             Type                      Level
   a - Pain                           Necromancy                   1
   b - Animate Skeleton               Necromancy                   1
   c - Vampiric Draining              Necromancy                   3
   d - Regeneration                   Charms/Necromancy            3
   e - Animate Dead                   Necromancy                   4
   f - Control Undead                 Necromancy                   4
Miscellaneous
 V - a fan of gales
   (You found it on level 9 of the Dungeon)
Comestibles
 s - 10 royal jellies
 G - 15 meat rations

Dungeon Overview and Level Annotations

Branches:
Dungeon (15/15)              Lair (6/6) D:11          Swamp (4/4) Lair:2
  Snake (4/4) Lair:4        Slime (0/5) Lair:5          Orc (2/2) D:9
    Elf (2/3) Orc:2        Vaults (0/5) D:14         Depths (0/5) D:15
 Temple: D:4-7

Altars:
Cheibriados
Dithmenos
Fedhas
Hepliaklqana
Okawaru
Sif Muna
Trog
Uskayaw
Wu Jian
Yredelemnul
The Shining One
Jiyva

Shops:
D:4 ?   D:8 }   D:9 *   D:10 [   D:12 !   Orc:2 ![=%

Annotations:
D:4 cirnu's ghost, amateur DsCK
Lair:5 1 runed door
Snake:4 Bai Suzhen; Saint Roka
Elf:2 1 runed door You were in the Desolation of Salt. You worshipped Hepliaklqana. Hepliaklqana was exalted by your worship. You were not hungry. You visited 6 branches of the dungeon, and saw 33 of its levels. You also visited: Desolation. You collected 2811 gold pieces. You spent 1080 gold pieces at shops.


Message History

Okay, then.
The ragged hierophant casts a spell.
The ragged hierophant begins to accept its allies' injuries.
The peacekeeper bites you but does no damage.
You block the peacekeeper's attack.
BOUMMMMG!
You hear a shout!
You hear a roar!
You hear a shout! x2
The peacekeeper roars a battlecry!
The saltlings go into a battle-frenzy!
A saltling comes into view.
An ironbrand convoker and a saltling come into view.
Okay, then.
Unknown command.
You feel better.
The ironbrand convoker shouts!
You block the peacekeeper's attack.
GONNNNG!
You block the peacekeeper's attack.
PTOANNNG!
The ragged hierophant gestures at you while chanting.
A blast of power from the earth and the peacekeeper strikes you!
* * * LOW HITPOINT WARNING * * *
The servant of whispers mumbles some strange prayers to its god against you.
The bolt of lightning hits the peacekeeper.
The peacekeeper resists.
The bolt of lightning misses you.
The peacekeeper bites you but does no damage.
The peacekeeper claws you but does no damage.
You hear a roar!
You hear a shout!
You hear a roar!
You take 6 damage, and have 9/156 hp.
You blink.
You feel slightly more hungry. 2 saltlings come into view.
The imperial myrmidon shouts!
The ragged hierophant casts a spell at you.
A blast of power from the earth and the saltling strikes you!
You block the saltling's attack.
SHROANNG!
The saltling moves out of view.
You hear a shout!
You now have 19/24 mp. 2 saltlings come into view.
The servant of whispers shouts!
A molten gargoyle comes into view. It is wielding an enchanted flail.
The servant of whispers shouts!
The ragged hierophant shouts!
The saltling no longer looks unusually strong. x2
The molten gargoyle moves out of view.
A peacekeeper comes into view.
A molten gargoyle and a saltling come into view.
Really read
J - 2 scrolls of torment {!r}?
As you read the scroll of torment {!r}, it crumbles to dust.
You feel a surge of unholy energy.
The ragged hierophant convulses! x2
The guardian serpent convulses!
The servant of whispers convulses!
The molten gargoyle moves out of view.
You block the saltling's attack.
BOUMMMMG!
You block the saltling's attack.
PANG!
You hear a shout!
A saltling comes into view.
The peacekeeper roars a battlecry!
The saltlings go into a battle-frenzy!
Okay, then.
Okay, then.
Okay, then.
The peacekeeper hurls a volley of spikes at you.
The volley of spikes reflects off an invisible shield around you!
PANG!
The volley of spikes hits the peacekeeper.
You hear a shout! x2
You hear a shout!
The saltling no longer looks unusually strong.
The peacekeeper hurls a volley of spikes at you.
The volley of spikes reflects off an invisible shield around you!
GONNNNG!
The volley of spikes hits the peacekeeper.
You hear a shout!
You blink.
You feel slightly more hungry.
A servant of whispers comes into view. It is wielding a quarterstaff.
The servant of whispers shouts!
The peacekeeper roars a battlecry!
The saltling goes into a battle-frenzy!
You block the saltling's attack.
PANG!
The ragged hierophant points at you and mumbles some strange words.
A blast of power from the earth and the saltling strikes you!
* * * LOW HITPOINT WARNING * * *
The imperial myrmidon shouts!
You take 4 damage, and have 5/156 hp.
You blink.
You feel slightly more hungry.
A saltling comes into view.
The ironbrand convoker shouts!
The imperial myrmidon shouts!
The peacekeeper is destroyed!
A guardian serpent comes into view.
You now have 19/24 mp.
The ironbrand convoker shouts!
The imperial myrmidon shouts!
The peacekeeper hurls a volley of spikes at you.
The volley of spikes reflects off an invisible shield around you!
GONNNNG!
The volley of spikes hits the peacekeeper.
The guardian serpent casts a spell at you.
The bolt of poison hits you! You resist.
The ragged hierophant gestures at you while chanting.
A blast of power from the earth and the saltling strikes you!
You die...

.p§§§ .p.#..####### ...§.§
.....8..####### ...§§§. §
§.. ....#######
..§§§§§##§§##..##...#######
.....§#§.##§S##..#..#######
.8....#.§........#..#######
8.....p#...##p8.#...#######
8#...8p#8p#).#..#...#######
.#.p..#8p#..)[#.@#..#######
..§88.#p8#.[[)#8.#..#######
§§..88.#8.#.)#..#...#######
§§§..9p#.).##8.8#...#######
§§§...#8...pp8.pS#..#######
§§....#..##8.##..#..#######
§§.....##.8##.p##...#######
§§..........8.......#######
§§..........p.......#######


You could see a ragged hierophant, 2 servants of whispers, an imperial myrmidon
(wandering), an ironbrand convoker (wandering), a peacekeeper, a guardian
serpent and 6 saltlings.

Notes
Turn   | Place    | Note
-------+----------+-------------------------------------------
     0 | D:1      | theanonym the Ghoul Monk began the quest for the Orb.
     0 | D:1      | Reached XP level 1. HP: 19/19 MP: 0/0
   189 | D:1      | Reached XP level 2. HP: 17/26 MP: 1/1
   195 | D:1      | theanonym: !lg s=dam
   195 | D:1      | beem: 148 games for theanonym: 14x -9999, 12x 5, 11x 12, 9x 1, 9x 4, 9x 3, 8x 7, 7x 8, 7x 13, 7x 9, 6x 6, 5x 10, 4x 14, 4x 17, 4x 11, 3x 20, 3x 2, 3x 24, 2x 19, 2x 16, 2x 21, 2x 22, 2x 18, 2x 30, 2x 15, 57, 41, 40, 45, 27, 29, 23, 52, 81
   195 | D:1      | theanonym: !lg s=dam -1
   195 | D:1      | beem: 148 games for theanonym: 14x -9999, 12x 5, 11x 12, 9x 1, 9x 4, 9x 3, 8x 7, 7x 8, 7x 13, 7x 9, 6x 6, 5x 10, 4x 14, 4x 17, 4x 11, 3x 20, 3x 2, 3x 24, 2x 19, 2x 16, 2x 21, 2x 22, 2x 18, 2x 30, 2x 15, 57, 41, 40, 45, 27, 29, 23, 52, 81
   195 | D:1      | theanonym: !lg s=dam 1
   195 | D:1      | beem: 148 games for theanonym: 14x -9999, 12x 5, 11x 12, 9x 1, 9x 4, 9x 3, 8x 7, 7x 8, 7x 13, 7x 9, 6x 6, 5x 10, 4x 14, 4x 17, 4x 11, 3x 20, 3x 2, 3x 24, 2x 19, 2x 16, 2x 21, 2x 22, 2x 18, 2x 30, 2x 15, 57, 41, 40, 45, 27, 29, 23, 52, 81
   195 | D:1      | theanonym: !lg ghmo s=dam
   195 | D:1      | beem: No games for ghmo.
   195 | D:1      | theanonym: !lg ghmo
   195 | D:1      | beem: No games for ghmo.
   195 | D:1      | theanonym: !lg race=ghoul class=monk
   195 | D:1      | beem: 5. theanonym the Brawler (L15 GhMo of Hepliaklqana), mangled by a golden dragon simulacrum in IceCv (ice_cave_statue_garden_chambered) on 2017-11-10 12:47:11, with 88736 points after 21295 turns and 1:25:33.
   195 | D:1      | theanonym: !lg race=ghoul class=monk s=dam
   195 | D:1      | beem: 5 games for theanonym (race=ghoul class=monk): 4, 5, 8, 20, 41
   279 | D:1      | Reached skill level 4 in Unarmed Combat
   628 | D:2      | Reached XP level 3. HP: 24/31 MP: 2/2
   825 | D:2      | HP: 14/31 [dart slug/slug dart (7)]
   870 | D:2      | Reached skill level 1 in Shields
   920 | D:2      | Reached skill level 5 in Unarmed Combat
   975 | D:2      | Reached XP level 4. HP: 33/38 MP: 3/3
  1292 | D:3      | Noticed Sigmund
  1315 | D:3      | HP: 18/38 [something (8)]
  1321 | D:3      | HP: 11/38 [something (5)]
  1329 | D:3      | HP: 15/38 [something (5)]
  1347 | D:3      | Killed Sigmund
  1347 | D:3      | Reached skill level 2 in Shields
  1347 | D:3      | Reached skill level 6 in Unarmed Combat
  1347 | D:3      | Reached XP level 5. HP: 24/44 MP: 4/4
  1347 | D:3      | Reached XP level 6. HP: 28/50 MP: 5/5
  1661 | D:3      | Noticed Salmacis's ghost (amateur HOMo)
  1682 | D:3      | Killed Salmacis's ghost
  1682 | D:3      | Reached skill level 7 in Unarmed Combat
  1897 | D:3      | Reached skill level 3 in Shields
  1923 | D:3      | Found a hazy altar of Hepliaklqana.
  1929 | D:3      | Became a worshipper of Hepliaklqana the Forgotten
  1929 | D:3      | Reached * piety under Hepliaklqana
  1929 | D:3      | Reached ** piety under Hepliaklqana
  1930 | D:3      | Remembered your ancestor Yoba as a hexer
  2027 | D:3      | Reached XP level 7. HP: 45/51 MP: 6/6
  2400 | D:4      | Reached skill level 8 in Unarmed Combat
  2493 | D:4      | Found a glowing golden altar of the Shining One.
  2498 | D:4      | Noticed cirnu's ghost (amateur DsCK)
  2874 | D:4      | Found Ates Vih's Magic Scroll Shoppe.
  2879 | D:4      | Bought a scroll of blinking for 75 gold pieces
  2879 | D:4      | Bought a scroll of teleportation for 30 gold pieces
  2879 | D:4      | Bought a scroll of identify for 20 gold pieces
  2879 | D:4      | Bought a scroll of identify for 20 gold pieces
  2905 | D:4      | Found a blossoming altar of Fedhas.
  3275 | D:4      | Reached skill level 4 in Shields
  3304 | D:4      | Reached XP level 8. HP: 53/53 MP: 7/7
  3563 | D:5      | Entered Level 5 of the Dungeon
  3568 | D:5      | Got a scintillating ivory ring
  3569 | D:5      | Identified the ring "Fiph" {rN+ Slay+2} (You found it on level 5 of the Dungeon)
  3797 | D:5      | Reached skill level 9 in Unarmed Combat
  3919 | D:5      | Found an iron altar of Okawaru.
  4227 | D:6      | Reached *** piety under Hepliaklqana
  4345 | D:6      | Noticed Barriton's ghost (novice DrWz)
  4500 | D:6      | HP: 27/56 [orc priest/trident (3)]
  4726 | D:6      | Reached skill level 10 in Unarmed Combat
  4772 | D:6      | HP: 28/56 [ogre/giant club (11)]
  4809 | D:6      | Reached skill level 11 in Unarmed Combat
  4809 | D:6      | Reached XP level 9. HP: 47/62 MP: 8/8
  4884 | D:6      | Killed Barriton's ghost
  4884 | D:6      | Reached skill level 4 in Fighting
  5007 | D:6      | Reached skill level 12 in Unarmed Combat
  5188 | D:6      | Reached skill level 5 in Fighting
  5240 | D:6      | Noticed Eustachio
  5256 | D:6      | Killed Eustachio
  5552 | D:7      | Reached skill level 5 in Shields
  5562 | D:7      | Reached XP level 10. HP: 54/74 MP: 9/9
  5565 | D:7      | Reached skill level 6 in Fighting
  5651 | D:7      | Reached skill level 13 in Unarmed Combat
  5664 | D:7      | Reached **** piety under Hepliaklqana
  5945 | D:7      | Found an ornate altar of the Wu Jian Council.
  6554 | D:8      | Reached skill level 1 in Invocations
  6560 | D:8      | Reached skill level 7 in Fighting
  6603 | D:8      | Reached skill level 2 in Invocations
  6770 | D:8      | Found Dowedgh's Gadget Shop.
  6852 | D:8      | Reached skill level 14 in Unarmed Combat
  6857 | D:8      | Reached skill level 3 in Invocations
  7087 | D:9      | Found Doku's General Store.
  7103 | D:9      | HP: 35/79 [steam dragon (5)]
  7108 | D:9      | HP: 14/79 [something/ball of steam (13)]
  7109 | D:9      | HP: 4/79 [something] (10)]
  7446 | D:9      | Bought a scroll of identify for 28 gold pieces
  7674 | D:9      | Found a hide-covered altar of Uskayaw.
  7675 | D:9      | Found a shadowy altar of Dithmenos.
  7725 | D:9      | Found a staircase to the Orcish Mines.
  7742 | Orc:1    | Entered Level 1 of the Orcish Mines
  7757 | D:9      | Reached skill level 8 in Fighting
  7757 | D:9      | Reached XP level 11. HP: 74/83 MP: 9/12
  8160 | D:9      | Found a snail-covered altar of Cheibriados.
  8168 | D:9      | Reached skill level 1 in Armour
  8253 | D:9      | Found a deep blue altar of Sif Muna.
  8353 | D:9      | Reached ***** piety under Hepliaklqana
  8370 | D:9      | Noticed a cyclops
  8371 | D:9      | Noticed a stone giant
  8375 | D:9      | Noticed a harpy
  8375 | D:9      | a golden eye changed into a harpy
  8386 | D:9      | HP: 39/85 [orc warrior/tomahawk (8)]
  8592 | D:10     | Entered Level 10 of the Dungeon
  8619 | D:10     | Noticed Joseph
  8628 | D:10     | HP: 33/83 [Joseph/uncursed quarterstaff of crushing (9)]
  8631 | D:10     | Killed Joseph
  8645 | D:10     | HP: 29/83 [sky beast (2)]
  8804 | D:9      | Noticed a mana viper
  8804 | D:9      | a mana viper changed into a wind drake
  8929 | D:10     | Found Cupeem's Armour Boutique.
  8937 | D:10     | Bought the cursed +0 helmet "Ompaoxt" {+Blink Regen+ Int-2 Dex+5} for 261 gold pieces
  9355 | D:10     | Reached skill level 2 in Armour
  9649 | D:11     | Reached skill level 15 in Unarmed Combat
  9885 | D:11     | Killed an unseen horror
  9888 | D:11     | Found a staircase to the Lair.
 10046 | D:11     | Reached skill level 6 in Shields
 10443 | Lair:1   | Entered Level 1 of the Lair of Beasts
 10570 | Lair:1   | Reached skill level 9 in Fighting
 10570 | Lair:1   | Reached skill level 3 in Armour
 10857 | Lair:1   | HP: 40/86 [yak (5)]
 11172 | Lair:1   | HP: 43/87 [black mamba (14)]
 11177 | Lair:1   | HP: 36/87 [black mamba (7)]
 11670 | Lair:1   | Reached XP level 12. HP: 62/94 MP: 13/13
 11727 | Lair:2   | Reached skill level 4 in Armour
 11766 | Lair:2   | Reached ****** piety under Hepliaklqana
 11799 | Lair:2   | Noticed an eight-headed hydra
 11811 | Lair:2   | Killed an eight-headed hydra
 11821 | Lair:2   | Learned a level 3 spell: Regeneration
 11991 | Lair:2   | Found a staircase to the Swamp.
 12173 | Lair:2   | Reached skill level 7 in Shields
 12317 | Lair:2   | Reached skill level 10 in Fighting
 12351 | Lair:2   | Reached skill level 5 in Armour
 12868 | Lair:3   | Reached skill level 16 in Unarmed Combat
 12873 | Lair:3   | Reached skill level 6 in Armour
 12873 | Lair:3   | Reached skill level 8 in Shields
 12950 | Lair:3   | Reached XP level 13. HP: 103/103 MP: 14/14
 13254 | Lair:3   | Reached skill level 11 in Fighting
 13463 | Lair:4   | HP: 50/104 [spiny frog (6)]
 13524 | Lair:4   | Found a staircase to the Snake Pit.
 13540 | Lair:4   | Noticed Banto's ghost (journeyman DsSk)
 13572 | Lair:4   | Killed Banto's ghost
 13779 | Lair:4   | Noticed Urug
 14063 | D:12     | Found Juseub's Distillery.
 14223 | D:12     | Bought a potion of agility for 56 gold pieces
 14223 | D:12     | Bought a potion of haste for 140 gold pieces
 14258 | D:12     | Reached skill level 7 in Armour
 14306 | D:12     | Noticed Rupert
 14542 | D:12     | Paralysed by Rupert for 2 turns
 14565 | D:12     | Killed Rupert
 14565 | D:12     | Reached skill level 9 in Shields
 14666 | D:12     | HP: 51/105 [six-headed hydra (3)]
 14847 | D:12     | Reached skill level 12 in Fighting
 15219 | D:13     | Reached skill level 8 in Armour
 15286 | D:13     | Reached XP level 14. HP: 95/113 MP: 15/15
 16028 | Lair:4   | Killed Urug
 16257 | Lair:5   | Reached skill level 17 in Unarmed Combat
 16497 | Lair:5   | HP: 56/114 [eight-headed hydra (7)]
 16508 | Lair:5   | Reached skill level 10 in Shields
 16530 | Lair:5   | Found a runed door.
 16534 | Lair:5   | Found a viscous altar of Jiyva.
 16536 | Lair:5   | Found a staircase to the Slime Pits.
 16536 | Lair:5   | Noticed an acid blob
 17001 | Lair:6   | Entered Level 6 of the Lair of Beasts
 17136 | Lair:6   | Found a basalt altar of Yredelemnul.
 17441 | Lair:6   | Reached skill level 9 in Armour
 17589 | Lair:6   | Reached skill level 13 in Fighting
 17626 | Lair:6   | HP: 52/116 [spiny frog (16)]
 17631 | Lair:6   | HP: 43/116 [hornet (5)]
 17669 | Lair:5   | HP: 54/116 [spriggan rider/spear (12)]
 18479 | D:14     | Found a gate to the Vaults.
 18788 | D:14     | Found the +18 shield of the Gong {rElec rN+ MR+ EV-5}
 18866 | D:14     | Reached skill level 3 in Dodging
 19266 | D:14     | Reached XP level 15. HP: 89/122 MP: 16/16
 19518 | D:15     | Entered Level 15 of the Dungeon
 19727 | D:15     | Got a steaming copper ring
 19904 | D:15     | Noticed Nessos
 19914 | D:15     | Killed Nessos
 19989 | D:15     | Found a staircase to the Depths.
 19990 | D:15     | Noticed a fire giant
 20007 | D:14     | Identified the ring of Japlib {rN+ Str+3 Stlth+} (You took it off a vampire on level 15 of the Dungeon)
 20158 | Swamp:1  | Entered Level 1 of the Swamp
 20255 | Swamp:1  | Reached skill level 4 in Dodging
 20301 | Swamp:1  | Noticed Kirke
 20317 | Swamp:1  | Killed Kirke
 20317 | Swamp:1  | Reached skill level 11 in Shields
 20351 | Swamp:1  | Noticed Frances
 20367 | Swamp:1  | Killed Frances
 20411 | Swamp:1  | Noticed Roxanne
 20588 | Swamp:1  | Found the +8 demon blade "Leech" {vamp, rN+ AC-3 EV-3}
 20964 | Swamp:1  | Killed Roxanne
 20964 | Swamp:1  | Reached skill level 10 in Armour
 20967 | Swamp:1  | Identified Roxanne's Almanac of Earth (You took it off Roxanne on level 1 of the Swamp)
 20972 | Swamp:1  | Learned a level 2 spell: Swiftness
 21150 | Swamp:2  | Noticed a thorn hunter
 21224 | Swamp:1  | Reached skill level 18 in Unarmed Combat
 21431 | Swamp:1  | Reached skill level 5 in Dodging
 21516 | Swamp:2  | Killed a thorn hunter
 21516 | Swamp:2  | Reached skill level 14 in Fighting
 22274 | Swamp:3  | Reached XP level 16. HP: 124/131 MP: 17/17
 22390 | Swamp:3  | Got a crude marble ring
 22395 | Swamp:3  | Identified the ring "Kenara" {Ice *Contam rElec Slay+5} (You found it on level 3 of the Swamp)
 22858 | Snake:1  | Entered Level 1 of the Snake Pit
 22902 | Snake:1  | Noticed Aizul
 22920 | Snake:1  | Killed Aizul
 22921 | Snake:1  | HP: 66/132 [black mamba (7)]
 22928 | Snake:1  | HP: 37/132 [naga mage/orb of energy (19)]
 22933 | Snake:1  | HP: 33/132 [naga sharpshooter/bolt (4)]
 22941 | Snake:1  | HP: 26/132 [naga warrior/dire flail (7)]
 23019 | Snake:1  | HP: 45/132 [naga sharpshooter/bolt (25)]
 23048 | Snake:1  | HP: 54/132 [black mamba (11)]
 23082 | Snake:1  | Reached skill level 11 in Armour
 23082 | Snake:1  | Reached skill level 12 in Shields
 24198 | Snake:2  | Noticed a nagaraja
 24216 | Snake:2  | Killed a nagaraja
 24415 | Snake:2  | Noticed a nagaraja
 24439 | Snake:2  | Killed a nagaraja
 24572 | Snake:2  | Reached skill level 15 in Fighting
 24985 | Snake:2  | Noticed a nagaraja
 24993 | Snake:2  | Killed a nagaraja
 25674 | D:10     | Bought a +0 cloak for 54 gold pieces
 26239 | D:15     | Reached skill level 19 in Unarmed Combat
 26239 | D:15     | Reached XP level 17. HP: 137/137 MP: 16/18
 26759 | D:9      | Got a faintly glowing golden ring
 26840 | D:9      | Found a bloodstained altar of Trog.
 26944 | Orc:2    | Entered Level 2 of the Orcish Mines
 27208 | Orc:2    | Found Supudiodgh's Food Shop.
 27217 | Orc:2    | Found a staircase to the Elven Halls.
 27598 | Orc:2    | Reached skill level 12 in Armour
 27611 | Orc:2    | theanonym: ??reduced essence
 27611 | Orc:2    | beem: I don't have a page labeled reduced_essence in my learndb.
 27759 | Orc:2    | Found Yrphee's Distillery.
 27762 | Orc:2    | Found Vacucwys's Jewellery Shoppe.
 27763 | Orc:2    | Found Ifias's Distillery.
 27764 | Orc:2    | Found Wavesoxi's Antique Armour Emporium.
 27770 | Orc:2    | Bought a runed scarf for 256 gold pieces
 27771 | Orc:2    | Bought a potion of heal wounds for 70 gold pieces
 27771 | Orc:2    | Bought a potion of heal wounds for 70 gold pieces
 28043 | Orc:2    | theanonym: !lg race=ghoul s=place,xl
 28043 | Orc:2    | beem: 5 games for theanonym (race=ghoul): D:3 (4), D:4 (7), D:9 (10), IceCv (15), Zot:1 (27)
 28046 | Orc:2    | Identified the ring of Xom's Best Wishes {rN+ MP+9 Int+4 Stlth-} (You found it on level 9 of the Dungeon)
 28470 | Swamp:4  | Entered Level 4 of the Swamp
 28470 | Swamp:4  | Noticed Mara
 28507 | Swamp:3  | Noticed theanonym's illusion
 28508 | Swamp:3  | Killed Mara
 28508 | Swamp:3  | Reached skill level 13 in Shields
 28766 | Swamp:4  | Noticed Jorgrun
 28778 | Swamp:4  | Noticed the 27-headed Lernaean hydra
 28983 | Swamp:4  | Reached skill level 16 in Fighting
 29188 | Swamp:4  | Killed the 27-headed Lernaean hydra
 29197 | Swamp:4  | HP: 71/142 [eight-headed hydra (4)]
 29466 | Swamp:4  | Got a decaying rune of Zot
 29547 | Swamp:4  | Reached XP level 18. HP: 142/148 MP: 19/19
 29585 | Swamp:4  | Killed Jorgrun
 29592 | Swamp:4  | HP: 74/150 [alligator[a spriggan druid] (4)]
 29596 | Swamp:4  | HP: 28/150 [six-headed hydra[a spriggan druid] (15)]
 30389 | Snake:3  | Reached skill level 1 in Evocations
 30426 | Snake:3  | Reached skill level 2 in Evocations
 30738 | Snake:3  | Reached skill level 3 in Evocations
 30894 | Snake:3  | Reached skill level 4 in Evocations
 31309 | Snake:4  | Entered Level 4 of the Snake Pit
 31520 | Snake:4  | Reached skill level 5 in Evocations
 31573 | Snake:4  | Noticed Saint Roka
 31772 | Snake:4  | Reached skill level 6 in Evocations
 31995 | Snake:4  | Noticed Bai Suzhen
 32369 | Elf:1    | Entered Level 1 of the Elven Halls
 32396 | Elf:1    | Reached skill level 7 in Evocations
 32594 | Elf:1    | Reached skill level 8 in Evocations
 32665 | Elf:1    | Identified the Handbook of Creation
 33111 | Elf:2    | Found a runed gate.
 33155 | Elf:2    | Noticed a Brimstone Fiend
 33221 | Elf:2    | Found a ruined gateway.
 33230 | Desolati | Entered the Desolation of Salt
 33273 | Desolati | HP: 72/151 [saltling (6)]
 33275 | Desolati | HP: 23/151 [peacekeeper (16)]
 33285 | Desolati | HP: 15/151 [servant of whispers/bolt of lightning (7)]
 33345 | Desolati | Reached skill level 13 in Armour
 33348 | Desolati | HP: 40/151 [crystal guardian (34)]
 33353 | Desolati | HP: 38/151 [saltling (2)]
 33358 | Desolati | HP: 20/151 [ragged hierophant/a resonance strike (2)]
 33364 | Desolati | HP: 16/151 [saltling (13)]
 33371 | Desolati | Reached XP level 19. HP: 17/156 MP: 20/24
 33380 | Desolati | HP: 15/156 [ragged hierophant/a resonance strike (2)]
 33385 | Desolati | HP: 9/156 [ragged hierophant/a resonance strike (13)]
 33395 | Desolati | HP: 5/156 [ragged hierophant/a resonance strike (4)]
 33397 | Desolati | Killed from afar by a ragged hierophant

Vanquished Creatures
  Mara (Swamp:3)
  the Lernaean hydra (Swamp:4)
  Jorgrun (Swamp:4)
  Rupert (D:12)
  3 thorn hunters
  Frances (Swamp:1)
  Kirke (Swamp:1)
  Roxanne (Swamp:1)
  4 nagarajas
  2 fire giants
  Nessos (D:15)
  A stone giant (D:9)
  A deep elf demonologist (Elf:1)
  A crystal guardian (Desolation)
  The ghost of Banto the Covert, a journeyman DsSk of Sif Muna (Lair:4)
  21 hydras
  6 naga warriors
  2 servants of whispers (Desolation)
  A centaur warrior (D:9)
  A catoblepas (Lair:6)
  4 peacekeepers
  5 anacondas
  6 two-headed ogres
  4 alligators
  3 dancing weapons
  6 orc high priests (Orc:2)
  2 tengu warriors
  A deep troll earth mage (D:14)
  9 naga sharpshooters
  Urug (Lair:4)
  5 shock serpents
  4 deep elf knights (Elf:1)
  A salamander mystic (Snake:3)
  5 naga ritualists
  An unseen horror (D:11)
  2 spriggan druids (Swamp:4)
  5 shambling mangroves
  5 deep elf archers (Elf:1)
  9 swamp dragons
  6 orc knights
  6 mana vipers
  21 deep elf magi
  An orc sorcerer (Orc:2)
  A cyclops (D:9)
  A moth of wrath (D:9)
  An ugly thing (D:12)
  19 elephants
  5 salamanders
  29 black mambas
  4 guardian serpents
  9 spiny frogs
  The ghost of Barriton the Magician, a novice DrWz of Vehumet (D:6)
  A molten gargoyle (Desolation)
  9 naga magi
  A gargoyle (D:9)
  5 komodo dragons
  4 yaktaurs
  3 rime drakes
  A queen bee (D:8)
  2 polar bears (Lair:6)
  2 trolls
  A wind drake (shapeshifter) (D:10)
  5 tyrant leeches
  26 slime creatures
  14 blink frogs
  11 saltlings
  7 dream sheep
  11 hornets
  6 hippogriffs
  4 bog bodies (Swamp:1)
  Sigmund (D:3)
  2 shadows
  A water elemental (Elf:2)
  12 spriggans
  A tarantella (shapeshifter) (D:9)
  7 wyverns
  32 yaks
  2 vampires
  5 wraiths
  Eustachio (D:6)
  A hog (Swamp:1)
  5 hungry ghosts
  A steam dragon (D:9)
  15 vampire mosquitoes
  19 insubstantial wisps
  39 nagas
  17 swamp worms
  9 water moccasins
  An acid dragon (D:14)
  9 porcupines
  A hexer (Snake:2)
  39 orc warriors
  4 ice beasts
  A hornet zombie (D:9)
  6 swamp drakes
  2 sky beasts
  The ghost of Salmacis the Chopper, an amateur HOMo (D:3)
  6 black bears
  2 phantoms (D:9)
  An eye of draining (D:7)
  12 ogres
  23 wolves
  4 boggarts (Lair:6)
  5 centaurs
  5 crocodiles
  3 big kobolds
  A gnoll sergeant (D:10)
  19 bullfrogs
  2 earth elementals (Elf:1)
  3 wyvern zombies (D:6)
  3 wyvern skeletons
  2 scorpions (D:6)
  15 killer bees
  15 wights
  4 howler monkeys
  5 bullfrog zombies
  4 crimson imps
  2 centaur zombies (D:7)
  6 hounds
  18 orc priests
  16 orc wizards
  2 bullfrog skeletons
  3 centaur skeletons
  9 hell rats (Lair:5)
  2 iguanas
  10 worker ants
  A killer bee zombie (D:6)
  A hound skeleton (D:3)
  4 hound zombies
  3 howler monkey zombies
  A mummy (D:9)
  3 worker ant zombies (D:6)
  A howler monkey skeleton (D:6)
  7 gnolls
  13 adders
  3 shadow imps
  An ooze (D:3)
  3 adder zombies
  4 adder skeletons
  3 worms
  4 dart slugs
  5 leopard geckos
  64 orcs
  6 bats
  3 giant cockroaches
  5 goblins
  4 hobgoblins
  22 jackals
  5 quokkas
  2 ball pythons
  A ball python zombie (D:6)
  4 frilled lizards
  A giant cockroach zombie (D:6)
  14 kobolds
  2 leopard gecko skeletons
  A leopard gecko zombie (D:6)
  A quokka skeleton (D:5)
  3 quokka zombies (D:6)
  8 rats
  A butterfly (Lair:2)
  2 fungi
  A plant (Lair:2)
990 creatures vanquished.

Vanquished Creatures (collateral kills)
  A thorn hunter (Swamp:4)
  A nagaraja (Snake:2)
  Aizul (Snake:1)
  3 hydras
  A naga warrior (Snake:4)
  An alligator (Swamp:4)
  A two-headed ogre (D:14)
  A tengu warrior (D:14)
  2 swamp dragons (Swamp:4)
  2 mana vipers
  An ugly thing (D:12)
  A salamander (Snake:2)
  A naga mage (Snake:2)
  Joseph (D:10)
  2 elephants
  3 black mambas
  2 yaktaurs
  3 spiny frogs
  A rime drake (Swamp:4)
  A komodo dragon (Lair:3)
  A troll (Orc:1)
  A polar bear (shapeshifter) (D:15)
  2 saltlings
  2 blink frogs
  2 hornets (Swamp:4)
  3 slime creatures
  A bog body (Swamp:3)
  A hippogriff (D:13)
  3 spriggans
  A wraith (D:10)
  A basilisk (Lair:3)
  6 yaks
  2 vampire mosquitoes
  2 nagas
  An insubstantial wisp (Swamp:4)
  3 swamp worms
  2 sky beasts
  2 orc warriors
  An ogre (D:4)
  A necrophage (D:8)
  2 wolves
  A centaur (D:3)
  A crocodile (D:10)
  2 bullfrogs
  A water moccasin zombie (D:6)
  2 scorpions (D:6)
  4 killer bees
  2 wights
  2 hounds
  5 orc priests
  An iguana (D:5)
  2 hell rats (Lair:5)
  2 worker ants
  A hound zombie (D:6)
  A hound skeleton (D:9)
  A worker ant zombie (D:6)
  2 shadow imps
  An adder zombie (D:6)
  2 worms
  15 orcs
  A giant cockroach (D:6)
  6 jackals
  2 kobolds (D:12)
127 creatures vanquished.

Vanquished Creatures (others)
  A yaktaur captain (D:14)
  A peacekeeper (Desolation)
  2 naga sharpshooters (Snake:1)
  A yaktaur (D:15)
  5 humans (Swamp:1)
  An orc warrior (Snake:4)
  A swamp drake (Swamp:1)
  A centaur (D:14)
  43 hexers
  A ball lightning (Swamp:3)
  A leopard gecko (D:9)
  An orc (D:13)
  A kobold (D:13)
  3 briar patches
  6 fungi
  2 plants
71 creatures vanquished.

Grand Total: 1188 creatures vanquished
